AoeStats
← Erickinio

Arena

509031941Analyzed
4v4 RM · 6d ago on Sep 25, 2026· 38m 20s· 8 players
Game mode
Random Map
Map size
Large (8 player)
Population
200
Speed
Normal
Resources
Standard
Victory
Conquest
Starting age
Dark Age
Ending age
Imperial Age
RankedLock teamsTeams togetherTeam positionsShared explorationLock speedFull tech treeHidden civsTurbo modeCheats
Victory
Defeat
🇹🇷 Tatars · Türkiye
943
+13
🇦🇷 Celts · Argentina
911
+14
🇦🇷 Bohemians · Argentina
895
+15
🇦🇺 Varangians · Australia
868
+15
🇲🇽 Burgundians · Mexico
886
-15
🇳🇿 Lithuanians · New Zealand
886
-15
🇺🇸 Sicilians · United States
879
-15
🇳🇿 Italians · New Zealand
807
-12
Nosrac
10:09 Feudal Age
10:47 Double-Bit Axe
11:16 Horse Collar
18:01 Castle Age
19:02 Forging
28:24 Bow Saw
29:48 Arson
30:05 Squires
29:50 Gambesons
30:44 Iron Casting
30:10 Scale Mail Armor
32:42 Wheelbarrow
31:53 Town Watch
31:54 Loom
33:07 Fletching
32:54 Pikeman
-_ElCrAkEn_-
0:26 Loom
1:25 Wheelbarrow
12:52 Feudal Age
12:35 Double-Bit Axe
13:25 Horse Collar
29:21 Castle Age
29:55 Stone Mining
36:57 Imperial Age
35:38 Gold Mining
36:01 Bow Saw
37:04 Gold Shaft Mining
38:11 Hand Cart
DonaldTrumpet
10:16 Feudal Age
14:03 Castle Age
13:08 Double-Bit Axe
13:14 Gold Mining
13:29 Horse Collar
15:04 Bow Saw
19:24 Heavy Plow
22:15 Wheelbarrow
22:20 Stone Mining
22:57 Loom
25:37 Hand Cart
28:43 Imperial Age
26:38 Bloodlines
26:44 Scale Barding Armor
26:50 Forging
27:27 Husbandry
28:59 Cavalier
30:43 Chemistry
29:07 Cavalier
30:47 Iron Casting
30:34 Chain Barding Armor
30:41 Chain Barding Armor
29:58 Capped Ram
33:24 Stone Shaft Mining
32:18 Paladin
34:14 Light Cavalry
36:56 Conscription
Jackson2013
10:46 Feudal Age
14:57 Castle Age
17:23 Double-Bit Axe
19:39 Silk Road
21:32 Caravan
27:22 Bow Saw
35:00 Coinage
Juanpiola
11:24 Feudal Age
15:23 Castle Age
14:48 Double-Bit Axe
14:53 Horse Collar
16:55 Bow Saw
21:12 Heavy Plow
26:12 Wheelbarrow
31:06 Imperial Age
28:25 Town Watch
28:26 Loom
30:03 Chemistry
29:51 Pikeman
31:07 Hand Cart
30:53 Town Patrol
30:58 Scale Mail Armor
31:09 Forging
31:34 Ballistics
31:25 Masonry
31:30 Fortified Wall
31:39 Halberdier
32:56 Squires
33:15 Chain Mail Armor
34:56 Plate Mail Armor
35:02 Iron Casting
35:36 Houfnice
37:54 Conscription
37:45 Wagenburg Tactics
37:54 Siege Engineers
swannie
10:31 Feudal Age
11:05 Double-Bit Axe
11:03 Horse Collar
12:01 Wheelbarrow
18:39 Castle Age
19:25 Heavy Plow
19:39 Bow Saw
19:45 Hand Cart
30:08 Imperial Age
27:58 Fortified Wall
27:50 Stone Mining
28:34 Scale Mail Armor
29:24 Town Watch
29:38 Pikeman
31:03 Chain Mail Armor
30:54 Squires
30:52 Halberdier
34:10 Plate Mail Armor
33:51 Forging
36:19 Masonry
38:59 Iron Casting
w71km26es1
10:09 Feudal Age
13:46 Castle Age
11:38 Double-Bit Axe
12:02 Horse Collar
15:20 Bow Saw
20:28 Wheelbarrow
21:23 Gold Mining
23:22 Loom
23:57 Hand Cart
28:04 Imperial Age
25:57 Scale Barding Armor
25:46 Town Watch
26:13 Heavy Plow
26:56 Husbandry
27:06 Bloodlines
28:23 Chain Barding Armor
28:13 Forging
29:23 Gold Shaft Mining
28:24 Elite Steppe Lancer
29:27 Conscription
29:51 Silk Armor
30:30 Plate Barding Armor
30:32 Iron Casting
31:02 Capped Ram
32:13 Siege Ram
33:49 Coinage
34:23 Blast Furnace
33:39 Stone Mining
34:37 Fletching
Erickinio
11:08 Feudal Age
11:14 Loom
11:24 Man-at-Arms
12:16 Arson
12:30 Double-Bit Axe
16:12 Forging
19:24 Horse Collar
22:14 Scale Mail Armor
23:51 Wheelbarrow
25:24 Gold Mining
25:25 Stone Mining
29:56 Castle Age
29:01 Stone Mining
34:39 Imperial Age
32:07 Gambesons
31:43 Long Swordsman
32:36 Pikeman
36:11 Hand Cart
37:34 Heavy Plow
37:40 Town Watch
37:57 Two-Handed Swordsman
Connection lost

Rejoining the realm…

Still unreachable

The connection could not be restored.

Session expired

The server has moved on; the page needs a fresh start.